 Dungeon Crawl Stone Soup version 0.31-a0-44-g49d609d0da (webtiles) character file.

Game seed: 14552276542891371891

35 porpoise the Vexing (level 3, -4/20 HPs)
             Began as a Deep Elf Enchanter on May 20, 2023.
             Slain by a cerulean imp
             ... wielding a +1 spear
             ... summoned by Natasha
              (6 damage)
             ... on level 2 of the Dungeon.
             The game lasted 00:04:27 (1201 turns).

porpoise the Vexing (Deep Elf Enchanter)            Turns: 1201, Time: 00:04:27

Health: -4/20      AC:  2    Str:  5    XL:     3   Next: 16%
Magic:  1/10       EV: 13    Int: 19    God:
Gold:   93         SH:  0    Dex: 17    Spells: 7/9 levels left

rFire   . . .        a - +1 dagger
rCold   . . .        (no shield)
rNeg    . . .        d - +0 robe
rPois   .            (no helmet)
rElec   .            (no cloak)
rCorr   .            (no gloves)
SInv    .            (no boots)
Will    .....        (no amulet)
Stlth   +++          (no ring)
HPRegen 0.23/turn    (no ring)
MPRegen 0.12/turn

%: no passive effects
@: no status effects
A: no striking features
a: no special abilities


You were on level 2 of the Dungeon.
You visited 1 branch of the dungeon, and saw 2 of its levels.

You collected 93 gold pieces.

Inventory:

Hand Weapons
 a - a +1 dagger (weapon)
Missiles
 e - 3 boomerangs (quivered)
Armour
 d - a +0 robe (worn)
Scrolls
 b - 2 scrolls of blinking {unknown}
 f - a scroll of torment {unknown}
 g - a scroll of magic mapping {unknown}
 h - a scroll of identify {unknown}
 i - 2 scrolls of teleportation {unknown}
Potions
 c - 2 potions of invisibility


   Skills:
 + Level 0.7 Fighting
 - Level 1.0 Short Blades
 - Level 2.4 Dodging
 + Level 4.0 Stealth
 * Level 3.7 Spellcasting
 * Level 4.6 Hexes


You had 7 spell levels left.
You knew the following spells:

 Your Spells              Type           Power      Damage    Failure   Level
e - Ensorcelled Hibernat  Hex/Ice        24%        N/A       9%          2

Your spell library contained the following spells:

 Spells                   Type           Power      Damage    Failure   Level
 Confusing Touch          Hex            21%        N/A       6%          3
 Tukima's Dance           Hex            21%        N/A       6%          3
 Dazzling Flash           Conj/Hex       24%        N/A       16%         3


Dungeon Overview and Level Annotations

Branches:
Dungeon (2/15)

Altars:

Annotations:
D:2 Natasha


Message History

Natasha claws you.
* * * LOW HITPOINT WARNING * * *
You closely miss Natasha. The giant cockroach barely misses you.
The cerulean imp closely misses you. Natasha barely misses you.
You barely miss Natasha. The giant cockroach closely misses you.
The cerulean imp barely misses you.
You hit Natasha.
Natasha is lightly wounded.
Natasha claws you.
* * * LOW HITPOINT WARNING * * *
The giant cockroach bites you but does no damage.
The cerulean imp barely misses you.
You hit Natasha.
Natasha is moderately wounded.
Natasha casts a spell at you. You resist with some effort.
The giant cockroach barely misses you.
You hit Natasha but do no damage. You punch Natasha.
Natasha is moderately wounded.
The cerulean imp misses you. The giant cockroach closely misses you.
Natasha closely misses you.
You miss Natasha.
Natasha is moderately wounded.
The giant cockroach barely misses you. The cerulean imp closely misses you.
Natasha misses you. The giant cockroach bites you.
* * * LOW HITPOINT WARNING * * *
You closely miss Natasha.
Natasha is moderately wounded.
The cerulean imp barely misses you.
Natasha mumbles some strange words.
The giant cockroach barely misses you.
You hit Natasha.
Natasha is heavily wounded.
The cerulean imp closely misses you. Natasha closely misses you.
The giant cockroach closely misses you.
The cerulean imp hits you from afar with a +1 spear.
* * * LOW HITPOINT WARNING * * *
You miss Natasha.
Natasha is heavily wounded.
The cerulean imp hits you from afar with a +1 spear.
You die...

#.......######
#########.......#
##.......#.......#
#........#.......##
#........#........#
##........#........#
..........#####....#
.....5....#####.####
......B@........#
......h#.########
......5#.#
.......#.#
.......#.#
.......#.#
#.........
#.......>.


You could see Natasha, 2 cerulean imps and a giant cockroach.

Vanquished Creatures
  An adder (D:2)
  A dart slug (D:1)
  An endoplasm (D:1)
  A giant cockroach (D:1)
  4 goblins (D:1)
  2 hobgoblins (D:1)
  3 jackals (D:1)
  2 kobolds (D:1)
  4 ball pythons (D:1)
  A frilled lizard (D:1)
20 creatures vanquished.

Notes
Turn   | Place    | Note
-------+----------+-------------------------------------------
     0 | D:1      | porpoise the Deep Elf Enchanter began the quest for the
                  | Orb.
     0 | D:1      | Reached XP level 1. HP: 10/10 MP: 6/6
   163 | D:1      | Reached XP level 2. HP: 15/15 MP: 8/8
   166 | D:1      | Learned a level 2 spell: Ensorcelled Hibernation
  1184 | D:2      | Noticed Natasha
  1190 | D:2      | Reached XP level 3. HP: 10/20 MP: 2/10
  1201 | D:2      | Slain by a cerulean imp

Illustrated notes

Levels and vault maps discovered:
D:1:      heliophobic_arrival_henge, layout_basic
D:2:      layout_basic, basic_altar, uniq_natasha, uniq_jessica

Skill      XL: |  1  2 |
---------------+-------+-----
Stealth        | 4 |  4.0
Fighting       | |  0.7
Short Blades   | |  1.0
Dodging        | |  2.4
Spellcasting   | |  3.7
Hexes          | |  4.6

Action                     || total
---------------------------++-------
  Melee: Dagger            ||    55
         Punch             ||     1
   Cast: Ensorcelled Hiber ||    19
   Stab: Sleeping          ||    15
 Armour: Robe              ||     7
  Dodge: Dodged            ||    44

Table legend: (Time is in decaauts)
 A = Elapsed time spent in this place.
 B = Non-inter-level travel time spent in this place.
 C = Inter-level travel time spent in this place.
 D = Time resting spent in this place.
 E = Time spent auto-exploring this place.
 F = Levels seen in this place.
 G = Mean time per level.
                   A        B        C        D        E       F      G
               +--------+--------+--------+--------+--------+-----+--------+
         Total |   1198 |   1153 |     45 |    369 |    615 |   2 |  599.0 |
       Dungeon |   1198 |   1153 |     45 |    369 |    615 |   2 |  599.0 |
               +--------+--------+--------+--------+--------+-----+--------+

Top non-repeatable levels by time:
     D:1: 1157 daAuts
     D:2: 41 daAuts
